 Dungeon Crawl Stone Soup version 0.27-a0-1177-g245c70e1c0 (webtiles) character file.

Game seed: 16751260673586159953

660623 Froggeryz the Slayer (level 27, -3/302 HPs)
             Began as a Demonspawn Chaos Knight on May 16, 2021.
             Was the Champion of Okawaru.
             Slain by a storm dragon (16 damage)
             ... on level 5 of the Realm of Zot.
             The game lasted 01:55:20 (66990 turns).

Froggeryz the Slayer (Demonspawn Chaos Knight)     Turns: 66990, Time: 01:55:21

Health: -3/302     AC: 48    Str: 25      XL:     27
Magic:  39/42      EV: 16    Int: 14 (18) God:    Okawaru [******]
Gold:   5825       SH: 17    Dex: 19      Spells: 35/37 levels left

rFire    + + .     SeeInvis .   V - +9 eveningstar (freeze)
rCold    . . .     Faith    .   O - +2 kite shield {rF+}
rNeg     + + .     Spirit   .   b - +8 orange crystal plate armour {Archmagi, Int+3 Clar}
rPois    .         Reflect  .   M - +2 hat {Will+}
rElec    +         Harm     .   F - +2 cloak
rCorr    +         Rampage  +   E - +2 pair of gloves of Gallantry {rElec Dex+4 Stlth-}
Will     +++..     Clarity  +   (boots unavailable)
Stlth    ..........             w - amulet of Starshine {RegenMP Rampage rN++}
HPRegen  3.60/turn              g - ring of Awe {rF+ MP+9 Int+3 Dex+2}
MPRegen  0.53/turn              n - +4 ring of slaying

@: mighty, agile, about to teleport, finesse-ful, unable to drink, unable to
read
A: no potions, talons 3, yellow scales 3, powered by death 3, powered by pain 3,
robust 3, claws 1, dopey 1, mutation resistance 1, shaggy fur 1, inability to
read while threatened
}: 3/15 runes: barnacled, silver, gossamer
a: Renounce Religion, Heroism, Finesse


You were on level 5 of the Realm of Zot.
You worshipped Okawaru.
Okawaru was exalted by your worship.
You visited 10 branches of the dungeon, and saw 48 of its levels.
You visited the Abyss 1 time.
You visited 1 bazaar.
You also visited: Bailey, Ice Cave and Volcano.

You collected 10794 gold pieces.
You spent 4969 gold pieces at shops.

Inventory:

Hand Weapons
 a - the +5 demon whip "Spellbinder" {antimagic, Will+}
   (You acquired it on level 4 of the Shoals)

   It reduces the magical energy of the wielder, and disrupts the spells and
   magical abilities of those hit.
   Natural abilities and divine invocations are not affected.
   It increases your willpower.
 V - a +9 eveningstar of freezing (weapon)
Missiles
 B - 9 throwing nets
 U - 32 javelins (quivered)
 X - 55 silver javelins
 Z - 7 boomerangs of dispersal
Armour
 b - the +8 orange crystal plate armour (worn) {Archmagi, Int+3 Clar}
   (You acquired it in a bailey)

   It affects your intelligence (+3).
   It protects you against confusion.
 d - a +1 kite shield of poison resistance
 h - a +2 pair of gloves of strength
 r - the +2 hood of the Assassin {Detection Stab+ Stlth++}
   (You found it on level 4 of the Depths)

   It makes you much more stealthy.
 E - the +2 pair of gloves of Gallantry (worn) {rElec Dex+4 Stlth-}
   (Okawaru gifted it to you on level 1 of the Shoals)

   It affects your dexterity (+4).
   It insulates you from electricity.
   It makes you less stealthy.
 F - a +2 cloak (worn)
 M - a +2 hat of willpower (worn)
 O - a +2 kite shield of fire resistance (worn)
Jewellery
 g - the ring of Awe (left hand) {rF+ MP+9 Int+3 Dex+2}
   (You found it on level 2 of the Spider Nest)

   [ring of magical power]

   It affects your intelligence (+3).
   It affects your dexterity (+2).
   It protects you from fire.
   It affects your magic capacity (+9).
 i - an amulet of reflection
 n - a +4 ring of slaying (right hand)
 q - the ring of the Mage {Wiz Will++ Int+3}
   (You bought it in a shop in a bazaar)

   [ring of wizardry]

   It improves your spell success rate.
   It affects your intelligence (+3).
   It greatly increases your willpower.
 w - the amulet of Starshine (around neck) {RegenMP Rampage rN++}
   (You found it on level 6 of the Lair of Beasts)

   [amulet of magic regeneration]

   It increases your rate of magic regeneration.
   It greatly protects you from negative energy.
   It bestows one free step when moving towards enemies.
 I - the ring of Xeeloi {rPois rC+ Will+++ Str-4 Int-5}
   (You found it on level 2 of the Shoals)

   [ring of protection from cold]

   It affects your strength (-4).
   It affects your intelligence (-5).
   It protects you from cold.
   It protects you from poison.
   It greatly increases your willpower.
 K - the ring of Untruth {rPois Int+7 Dex-5}
   (You took it off a yellow draconian on level 3 of the Realm of Zot)

   [ring of poison resistance]

   It affects your intelligence (+7).
   It affects your dexterity (-5).
   It protects you from poison.
 T - a ring of protection from cold
 Y - a ring of protection from fire
Wands
 m - a wand of mindburst (16)
 o - a wand of iceblast (29)
 A - a wand of digging (36)
 D - a wand of charming (25)
 P - a wand of acid (42)
 S - a wand of flame (90)
Scrolls
 c - 12 scrolls of teleportation
 e - 9 scrolls of magic mapping
 f - a scroll of summoning
 p - 7 scrolls of immolation
 v - 13 scrolls of fog
 x - 14 scrolls of blinking
 y - 15 scrolls of noise
 z - 6 scrolls of enchant armour
 J - 2 scrolls of silence
 L - 8 scrolls of fear
Potions
 j - 17 potions of curing
 k - 5 potions of heal wounds
 s - 4 potions of resistance
 t - 6 potions of cancellation
 u - 7 potions of ambrosia
 C - 4 potions of mutation
 G - 10 potions of might
 H - 6 potions of berserk rage
 N - 4 potions of magic
 Q - 6 potions of flight
 R - 8 potions of haste
 W - 3 potions of invisibility
Miscellaneous
 l - a condenser vane


   Skills:
 + Level 22.8 Fighting
 - Level 21.3 Maces & Flails
 * Level 18.1 Throwing
 - Level 18.3 Armour
 + Level 9.5 Dodging
 - Level 15.3 Shields
 - Level 5.5 Spellcasting
 - Level 15.4 Translocations
 - Level 13.3 Invocations
 - Level 11.0 Evocations


You had 35 spell levels left.
You knew the following spells:

 Your Spells              Type           Power      Damage    Failure   Level
a - Blink                 Tloc           N/A        N/A       1%          2

Your spell library contained the following spells:

 Spells                   Type           Power      Damage    Failure   Level
 Apportation              Tloc           100%       N/A       1%          1
 Gell's Gravitas          Tloc           31%        N/A       1%          3
 Iskenderun's Mystic Bla  Conj/Tloc      38%        2d9       77%         4
 Animate Skeleton         Necr           10%        N/A       97%         1
 Beastly Appendage        Tmut           10%        N/A       97%         1
 Corona                   Hex            5%         N/A       97%         1
 Foxfire                  Conj/Fire      20%        2x1d5     97%         1
 Magic Dart               Conj           20%        1d4       97%         1
 Pain                     Necr           20%        1d5       97%         1
 Sandblast                Erth           10%        2d5       97%         1
 Sting                    Tmut/Pois      20%        1d4       97%         1
 Summon Small Mammal      Summ           20%        N/A       97%         1
 Summon Forest            Summ/Tloc      19%        N/A       98%         5
 Call Imp                 Summ           5%         N/A       99%         2
 Corpse Rot               Necr/Air       N/A        N/A       99%         2
 Passwall                 Tmut/Erth      4%         N/A       99%         2
 Poisonous Vapours        Pois/Air       10%        N/A       99%         2
 Searing Ray              Conj           10%        3d3       99%         2
 Slow                     Hex            5%         N/A       99%         2
 Sublimation of Blood     Necr           2%         N/A       99%         2
 Wereblood                Tmut           5%         N/A       99%         2
 Call Canine Familiar     Summ           5%         N/A       100%        3
 Confusing Touch          Hex            5%         N/A       100%        3
 Conjure Flame            Conj/Fire      5%         6-21      100%        3
 Dazzling Flash           Conj/Hex       10%        N/A       100%        3
 Frozen Ramparts          Ice            10%        1d3       100%        3
 Ignite Poison            Fire/Tmut/Pois 5%         N/A       100%        3
 Inner Flame              Hex/Fire       5%         N/A       100%        3
 Mephitic Cloud           Conj/Pois/Air  5%         N/A       100%        3
 Spider Form              Tmut/Pois      2%         N/A       100%        3
 Stone Arrow              Conj/Erth      10%        3d7       100%        3
 Summon Guardian Golem    Hex/Summ       5%         N/A       100%        3
 Swiftness                Air            5%         N/A       100%        3
 Vampiric Draining        Necr           2%         2d6       100%        3
 Animate Armour           Summ/Erth      10%        N/A       100%        4
 Animate Dead             Necr           2%         N/A       100%        4
 Dispel Undead            Necr           5%         3d7       100%        4
 Fulminant Prism          Conj/Hex       2%         3d6       100%        4
 Ice Form                 Ice/Tmut       5%         N/A       100%        4
 Leda's Liquefaction      Hex/Erth       2%         N/A       100%        4
 Olgreb's Toxic Radiance  Pois           5%         N/A       100%        4
 Petrify                  Tmut/Erth      5%         N/A       100%        4
 Sticky Flame             Conj/Fire      5%         2d3       100%        4
 Summon Ice Beast         Ice/Summ       5%         N/A       100%        4
 Summon Lightning Spire   Summ/Air       5%         N/A       100%        4
 Agony                    Necr           5%         N/A       100%        5
 Alistair's Intoxication  Tmut/Pois      3%         N/A       100%        5
 Bolt of Magma            Conj/Fire/Erth 2%         4d4       100%        5
 Borgnjor's Vile Clutch   Necr/Erth      2%         N/A       100%        5
 Excruciating Wounds      Necr           2%         N/A       100%        5
 Fireball                 Conj/Fire      2%         3d4       100%        5
 Hydra Form               Tmut           2%         N/A       100%        5
 Irradiate                Conj/Tmut      2%         3d14      100%        5
 Lee's Rapid Deconstruct  Erth           2%         3d6*      100%        5
 Lightning Bolt           Conj/Air       2%         1d14      100%        5
 Metabolic Englaciation   Hex/Ice        2%         N/A       100%        5
 Silence                  Hex/Air        2%         N/A       100%        5
 Summon Mana Viper        Hex/Summ       5%         N/A       100%        5
 Yara's Violent Unravell  Hex/Tmut       2%         3d3       100%        5
 Blade Hands              Tmut           2%         N/A       100%        6
 Conjure Ball Lightning   Conj/Air       2%         3x3d6     100%        6
 Eringya's Noxious Bog    Tmut/Pois      2%         N/A       100%        6
 Iron Shot                Conj/Erth      2%         9d2       100%        6
 Shadow Creatures         Summ           N/A        N/A       100%        6
 Starburst                Conj/Fire      2%         8x6d3     100%        6
 Statue Form              Tmut/Erth      3%         N/A       100%        6
 Summon Hydra             Summ           2%         N/A       100%        7
 Chain Lightning          Conj/Air       2%         N/A       100%        8
 Disjunction              Tloc           31%        N/A       100%        8
 Ignition                 Fire           2%         3d3       100%        8
 Lehudib's Crystal Spear  Conj/Erth      2%         10d2      100%        8
 Absolute Zero            Ice            2%         ∞         100%        9
 Fire Storm               Conj/Fire      2%         8d1       100%        9
 Shatter                  Erth           2%         3d6*      100%        9


Dungeon Overview and Level Annotations

Branches:
Dungeon (15/15)            Temple (1/1) D:7            Lair (6/6) D:10
 Shoals (4/4) Lair:4       Spider (4/4) Lair:4        Slime (1/5) Lair:5
    Orc (2/2) D:12            Elf (0/3) Orc:2        Vaults (5/5) D:14
  Crypt (0/3) Vaults:3     Depths (5/5) D:15            Zot (5/5) Depths:5
 Bailey (visited)           IceCv (visited)         Volcano (visited)

Altars:
Cheibriados
Dithmenos
Fedhas
Hepliaklqana
Kikubaaqudgha
Nemelex Xobeh
Okawaru
Ru
Trog
Uskayaw
Vehumet
Xom
Zin
Jiyva
Lugonu

Shops:
D:1 ?   D:6 *?((   D:7 *   Orc:2 ((([   Shoals:3 !   Vaults:1 *   Vaults:3 ?=??
Depths:4 [(

Portals:
Hell: Depths:1 Depths:2 Depths:3 Depths:4 Depths:5
Abyss: Depths:1 Depths:2 Depths:3 Depths:4
Pandemonium: Depths:1 Depths:2 Depths:3
Ziggurat: Depths:2
Trove: Depths:2 (give horn of Geryon)

Annotations:
Lair:4 exclusion: 3 oklob plants
Depths:2 trove requires horn of geryon
Depths:5 3 runed translucent doors, Quahany's ghost, legendary GrEE
Zot:5 1 exclusion


Innate Abilities, Weirdness & Mutations

You cannot drink.
You have claws for feet.
You are completely covered in yellow scales. (AC +4, rCorr)
You regenerate a lot of health from kills.
You are powered by pain.
You are extremely robust. (+30% HP)
You have sharp fingernails.
You are dopey. (Int -2)
You are somewhat resistant to further mutation.
You are covered in fur. (AC +1)
You sometimes lose the ability to read scrolls when taking damage.


Message History

The storm dragon claws you!
* * * LOW HITPOINT WARNING * * *
The storm dragon tramples you but does no damage.
The golden dragon bites you!!!
* * * LOW HITPOINT WARNING * * *
The golden dragon claws you!
* * * LOW HITPOINT WARNING * * *
The golden dragon tramples you but does no damage.
The Killer Klown pies you viciously! The klown pie hits you!
Lemon!
You feel unable to drink.
* * * LOW HITPOINT WARNING * * *
Something touches you.
* * * LOW HITPOINT WARNING * * *
The orb of fire glows yellow.
Strange energies course through your body.
You feel odd for a moment.
Unknown command.
You cannot drink potions in your current state!
Casting: Blink (safe; 1% risk of failure)
Confirm with . or Enter, or press ? or * to list all spells.
You feel a surge of power!
You blink.
You block the storm dragon's attack. x3
The Killer Klown blinks!
The golden dragon bites you but does no damage.
The golden dragon completely misses you.
The golden dragon tramples you but does no damage.
Found a wand of mindburst (10).
Casting: Blink (safe; 1% risk of failure)
Confirm with . or Enter, or press ? or * to list all spells.
You feel a surge of power!
You blink.
The storm dragon rages.
The death cob closely misses you.
The storm dragon rages.
You cannot drink potions in your current state!
Okay, then.
Unknown command.
The storm dragon rages.
You block the Orb Guardian's attack. The storm dragon barely misses you.
The storm dragon claws you!
You die...
Xom titters!

***************
***▓....!........▓***
**,................,,***
**,,................,,,,**
*,,,................,,,,,* **
*,,..........^......,,,,,***,
**,.................,,,,,**,,
**........../.....^,,,,,*,,,
*▓........@........,,,,,,,,
**.......XDX........^^,,*,,,
**,.......zp{........,,,,**^,
*,,.........yD.......,,,,***,
*,,.......§.Dz.......,,,,* **
**,.......D*X........,,,**
**........D......^..,***
*▓..........§....▓***
▓▓....8##▓▓▓▓▓▓▓▓****


You could see an orb of fire, a Killer Klown, a tentacled monstrosity, a golden
dragon (berserk), 4 storm dragons, 2 death cobs, 2 Orb Guardians and a moth of
wrath.

Vanquished Creatures
  4 orbs of fire
  An ancient lich (Vaults:5)
  Mara (Depths:2)
  Sojobo (Vaults:5)
  Bai Suzhen (Vaults:5)
  A Killer Klown (Zot:3)
  A curse toe (Zot:2)
  4 caustic shrikes
  11 golden dragons
  Jory (Depths:3)
  A profane servitor (Abyss:3)
  A bone dragon (Depths:5)
  6 electric golems
  A Tzitzimitl (Depths:4)
  Jorgrun (Shoals:2)
  22 tentacled monstrosities
  3 liches
  8 Orb Guardians (Zot:5)
  7 titans
  7 quicksilver dragons
  Polyphemus (Shoals:2)
  6 sphinxes
  2 tentacled starspawn (Abyss:3)
  9 death cobs
  5 krakens
  Gastronok (D:9)
  An Executioner (Abyss:3)
  Ilsuiw (Shoals:2)
  13 tengu reavers
  The ghost of Corhaoqi the Fencer, an adept MiGl of Makhleb (Shoals:2)
  11 shadow dragons
  8 draconian monks
  Roxanne (Shoals:3)
  15 storm dragons
  A fire giant (shapeshifter) (Vaults:2)
  A revenant (Vaults:3)
  9 fire giants
  A fenstrider witch (shapeshifter) (Depths:3)
  8 draconian knights
  2 orc warlords
  An iron dragon (Vaults:5)
  6 ghost moths
  An emperor scorpion (Spider:4)
  2 deep elf sorcerers
  19 vault wardens
  13 draconian scorchers
  The ghost of Asoiz the Protected, an adept TeMo of Makhleb (Spider:2)
  12 frost giants
  6 draconian stormcallers
  6 draconian shifters
  A curse skull (Vaults:2)
  Aizul (Shoals:3)
  Louise (Shoals:1)
  7 draconian annihilators
  16 ironbound preservers
  33 very ugly things
  2 war gargoyles (Vaults:4)
  20 stone giants
  8 vampire knights
  12 green draconians
  An entropy weaver (Vaults:4)
  12 red draconians
  A dire elephant (Vaults:2)
  4 deep elf annihilators
  11 purple draconians
  17 white draconians
  8 spark wasps
  A bunyip (shapeshifter) (Vaults:5)
  24 black draconians
  16 yellow draconians
  4 merfolk javelineers
  A blizzard demon (Depths:2)
  14 ettins
  3 deep elf death magi (Vaults:5)
  11 merfolk impalers
  Josephine (Lair:4)
  A spectral kraken (Shoals:2)
  3 deep elf high priests (Vaults:5)
  12 fire dragons
  Snorg (Orc:1)
  15 yaktaur captains
  32 vault guards
  5 great orbs of eyes
  8 ironbound thunderhulks
  10 ice dragons
  Erolcha (Orc:1)
  11 boulder beetles
  7 rakshasas
  14 hydras
  2 spriggan air magi
  10 ironbound frosthearts
  6 catoblepae
  2 death knights
  2 merfolk avatars (Shoals:4)
  Erica (D:8)
  19 centaur warriors
  2 satyrs
  5 ogre magi
  4 merfolk aquamancers
  8 dancing weapons
  4 hell hogs (Abyss:3)
  A two-headed ogre (shapeshifter) (Vaults:4)
  2 alligators (D:14)
  11 two-headed ogres
  6 vampire magi
  8 deep troll shamans
  11 death yaks
  11 deep troll earth magi
  6 tengu warriors
  3 ironbound beastmasters
  2 shock serpents (shapeshifter) (Vaults:5)
  2 shock serpents (Zot:3)
  3 thrashing horrors (Abyss:3)
  3 orc high priests (Orc:2)
  5 spriggan berserkers
  Urug (Lair:6)
  The ghost of MirrMurr the Covert, a journeyman SpEn of Okawaru (D:11)
  3 sun demons
  11 hell knights
  Sonja (Orc:1)
  3 sixfirhies (Zot:3)
  7 shadow wraiths (Depths:4)
  2 iron trolls (Depths:3)
  3 skeletal warriors (D:15)
  58 deep trolls
  A spatial maelstrom (Abyss:3)
  A sea snake (shapeshifter) (Vaults:4)
  2 flayed ghosts
  9 sea snakes
  3 shadow demons (Depths:4)
  A swamp dragon (shapeshifter) (Vaults:2)
  3 glowing orange brains
  23 wizards
  The ghost of riro the Digger, a novice GrEE (D:7)
  16 orc knights
  12 phantasmal warriors
  29 ironbound convokers
  A large abomination (Abyss:3)
  31 harpies
  A harpy (shapeshifter) (D:15)
  66 ugly things
  7 necromancers
  3 lindwurms
  9 fauns
  6 deep elf pyromancers
  6 orc sorcerers
  An obsidian statue (Zot:5)
  30 wolf spiders
  14 orb spiders
  An orb spider (shapeshifter) (D:15)
  28 manticores
  3 salamanders (Volcano)
  A stone giant zombie (Vaults:2)
  14 cyclopes
  33 moths of wrath
  An oklob plant (Lair:4)
  4 elephants (Lair:3)
  2 human skeletons
  2 worldbinders (Abyss:3)
  A moth of wrath (shapeshifter) (Vaults:5)
  A guardian serpent (Abyss:3)
  9 black mambas
  6 merfolk sirens
  3 guardian serpents (shapeshifter)
  An iron dragon skeleton (Vaults:5)
  3 spectral sea snakes (Shoals:2)
  6 water nymphs
  3 smoke demons
  15 vault sentinels
  13 cane toads
  An eye of devastation (shapeshifter) (Vaults:5)
  A torpor snail (Lair:4)
  5 rime drakes
  An efreet (D:15)
  A hellion (Depths:2)
  16 demonic crawlers
  Psyche (D:9)
  An elf zombie (Vaults:4)
  16 komodo dragons
  An unseen horror (D:13)
  3 kobold demonologists (D:11)
  6 tengu conjurers
  2 starcursed masses (Abyss:3)
  47 yaktaurs
  9 ice devils
  5 freezing wraiths
  40 merfolk
  A merfolk (shapeshifter) (D:15)
  2 polar bears (shapeshifter)
  8 wind drakes
  2 ancient zymes (Abyss:3)
  32 jumping spiders
  A meliai (shapeshifter) (D:14)
  9 trolls
  6 polar bears
  10 blink frogs
  8 hornets
  A blink frog (shapeshifter) (D:15)
  11 raiju
  11 snapping turtles
  12 dream sheep
  29 slime creatures
  A stone giant simulacrum (Vaults:5)
  A centaur simulacrum (D:15)
  17 flying skulls (D:12)
  64 redbacks
  2 shadows
  7 water elementals
  7 wraiths
  51 yaks
  7 vampires (D:12)
  12 wyverns
  A basilisk (shapeshifter) (D:15)
  2 spriggans (Lair:5)
  42 tarantellas
  2 hogs (D:10)
  6 basilisks
  5 steam dragons
  A hog (shapeshifter) (D:15)
  6 fire bats
  15 vampire mosquitoes
  A redback simulacrum (D:15)
  Menkaure (D:5)
  A spatial vortex (Abyss:3)
  3 wargs
  2 spectral snapping turtles (Shoals:2)
  An acid dragon (D:14)
  13 water moccasins
  A floating eye (Lair:4)
  2 hell hounds (D:14)
  A meliai simulacrum (D:14)
  33 orc warriors
  2 black bears
  14 ogres
  2 hornet zombies
  24 wolves
  A phantom (D:7)
  10 centaurs
  2 small abominations (Abyss:3)
  3 kobold brigands
  11 bullfrogs
  A gnoll sergeant (D:9)
  A wyvern zombie (D:8)
  15 scorpions
  A human simulacrum (Vaults:4)
  12 killer bees
  9 wights
  A bullfrog zombie (D:7)
  An electric eel (Lair:2)
  2 centaur zombies (D:9)
  7 crimson imps
  A quasit (Abyss:3)
  2 bullfrog skeletons
  7 hounds
  10 human zombies
  2 centaur skeletons
  16 orc priests
  An iron imp (Abyss:3)
  A hell rat (D:12)
  4 iguanas
  26 orc wizards
  5 lightning spires (Zot:3)
  4 hound skeletons
  2 howler monkey zombies
  15 gnolls
  A howler monkey skeleton (D:5)
  3 adders
  An adder (shapeshifter) (D:7)
  11 river rats
  3 shadow imps (D:8)
  14 white imps
  An ufetubus (D:5)
  An adder zombie (D:5)
  A worm (shapeshifter) (Depths:2)
  8 worms
  3 dart slugs
  78 orcs
  12 ball pythons
  7 endoplasms
  10 giant cockroaches
  22 goblins
  18 hobgoblins
  17 jackals
  6 quokkas
  8 bats
  9 frilled lizards
  19 kobolds
  25 rats
  A lurking horror (Abyss:3)
  2 starspawn tentacles (Abyss:3)
  11 tentacles
2366 creatures vanquished.

Vanquished Creatures (others)
  A Killer Klown (Zot:3)
  A golden dragon (Zot:4)
  A death cob (Zot:1)
  A spark wasp (Zot:3)
  A yellow draconian (Zot:4)
  An ogre mage (D:14)
  A shadow wraith (Vaults:5)
  A wizard (Vaults:2)
  A harpy (Shoals:4)
  Maurice (D:8)
  A jumping spider (Spider:4)
  A wind drake (Shoals:4)
  A raiju (Zot:3)
  A small abomination (Abyss:3)
  2 white imps
  A kobold (D:4)
  5 ball lightnings (Zot:3)
  7 bushes (Shoals:2)
  10 fungi
  122 plants
  5 starspawn tentacles (Abyss:3)
  37 tentacles
  2 withered plants (Spider:2)
205 creatures vanquished.

Grand Total: 2571 creatures vanquished

Notes
Turn   | Place    | Note
-------+----------+-------------------------------------------
     0 | D:1      | Froggeryz the Demonspawn Chaos Knight began the quest for
                  | the Orb.
     0 | D:1      | Reached XP level 1. HP: 18/18 MP: 1/1
     2 | D:1      | Noticed a minotaur
     2 | D:1      | Noticed a merfolk
     4 | D:1      | Noticed a vine stalker
     4 | D:1      | Noticed a naga
     6 | D:1      | Noticed a felid
     6 | D:1      | Noticed an elf
     8 | D:1      | Noticed a troll
     8 | D:1      | Noticed an ogre
    10 | D:1      | Noticed a dwarf
    10 | D:1      | Noticed a formicid
    14 | D:1      | Noticed a barachi
    14 | D:1      | Noticed a demonspawn
    16 | D:1      | Noticed a human
    16 | D:1      | Noticed a demigod
    18 | D:1      | Noticed a palentonga
    20 | D:1      | Noticed a tengu
    20 | D:1      | Noticed a ghoul
    22 | D:1      | Noticed a spriggan
    22 | D:1      | Noticed a vampire
    24 | D:1      | Noticed a gargoyle
    24 | D:1      | Noticed a centaur
    26 | D:1      | Noticed a draconian
    26 | D:1      | Noticed an octopode
    96 | D:1      | XOM: divination: detect items
   157 | D:1      | Found Zing's Magic Scroll Shoppe.
   166 | D:1      | Bought a scroll of teleportation for 33 gold pieces
   330 | D:1      | Gained mutation: You are partially covered in yellow
                  | scales. (AC +2) [demonic ancestry]
   330 | D:1      | Reached XP level 2. HP: 21/24 MP: 2/2
   527 | D:1      | XOM: silly message
   682 | D:1      | XOM: scenery: create altars
   753 | D:2      | XOM: give mutation
   753 | D:2      | Gained mutation: You have sharp fingernails. [Xom's
                  | mischief]
   812 | D:2      | XOM: silly message
   815 | D:2      | Reached XP level 3. HP: 24/29 MP: 3/3
   894 | D:2      | Found a faded altar of an unknown god.
  1115 | D:2      | XOM: silly message
  1142 | D:2      | XOM: silly message
  1421 | D:2      | XOM: silly message
  1457 | D:3      | Gained mutation: You sometimes gain a little power by
                  | taking damage. [demonic ancestry]
  1457 | D:3      | Reached XP level 4. HP: 35/35 MP: 4/4
  1538 | D:3      | XOM: silly message
  1897 | D:3      | Reached skill level 5 in Maces & Flails
  2037 | D:3      | XOM: smoke on damage
  2251 | D:3      | Gained mutation: You have sharp toenails. [demonic
                  | ancestry]
  2251 | D:3      | Reached XP level 5. HP: 38/41 MP: 5/5
  2409 | D:3      | XOM: noise
  2767 | D:4      | Identified the +4 whip of Destiny {vorpal, Int+4}
  2830 | D:4      | XOM: 1-stop teleportation journey
  3057 | D:4      | XOM: give mutations
  3057 | D:4      | Gained mutation: You are covered in fur. (AC +1) [Xom's
                  | mischief]
  3057 | D:4      | Gained mutation: You are weak. (Str -2) [Xom's mischief]
  3155 | D:4      | XOM: 2-stop teleportation journey
  3340 | D:4      | Gained mutation: You sometimes gain power by taking damage.
                  | [demonic ancestry]
  3340 | D:4      | Reached XP level 6. HP: 47/47 MP: 6/6
  3580 | D:4      | XOM: blink monster(s)
  3590 | D:4      | XOM: cast spell 'Disjunction'
  3602 | D:4      | Reached skill level 1 in Shields
  3650 | D:4      | XOM: silly message
  3804 | D:5      | Entered Level 5 of the Dungeon
  3904 | D:5      | XOM: cast spell 'Call Canine Familiar'
  3925 | D:5      | Gained mutation: You have razor-sharp toenails. [demonic
                  | ancestry]
  3925 | D:5      | Reached XP level 7. HP: 52/52 MP: 7/7
  4126 | D:5      | Noticed Menkaure
  4137 | D:5      | Killed Menkaure
  4225 | D:5      | XOM: divination: magic mapping
  4455 | D:5      | XOM: silly message
  4690 | D:5      | Reached XP level 8. HP: 58/58 MP: 8/8
  4776 | D:6      | XOM: enchant monster (good)
  4786 | D:6      | Found Bizogyt's Assorted Antiques.
  4838 | D:6      | Bought a scroll labelled POCKABB KOCW for 21 gold pieces
  4838 | D:6      | Bought a scroll labelled QAMU RUIVECINYHOL for 21 gold
                  | pieces
  4838 | D:6      | Bought a scroll labelled ZOQOTIA GAANG for 21 gold pieces
  4838 | D:6      | Bought a scroll labelled AHAJAF VOCO for 21 gold pieces
  4838 | D:6      | Bought a scroll labelled HIJ GUEMOAKK for 21 gold pieces
  4856 | D:6      | Found Paof's Magic Scroll Boutique.
  4935 | D:6      | Noticed a two-headed ogre
  4940 | D:6      | XOM: summons friendly iron imp
  5014 | D:6      | Found Saiw's Antique Weapon Emporium.
  5015 | D:6      | XOM: swap monsters
  5097 | D:5      | XOM: give mutations
  5097 | D:5      | Lost mutation: You are covered in fur. (AC +1) [Xom's
                  | mischief]
  5097 | D:5      | Gained mutation: You are frail. (-10% HP) [Xom's mischief]
  5097 | D:5      | Gained mutation: You are very frail. (-20% HP) [Xom's
                  | mischief]
  5097 | D:5      | Gained mutation: You are clumsy. (Dex -2) [Xom's mischief]
  5288 | D:6      | XOM: potion effect (curing)
  5874 | D:6      | XOM: god gift: 22 stones
  5990 | D:6      | XOM: summons 2 hostile shadow creatures
  6000 | D:6      | XOM: confusion
  6074 | D:6      | XOM: give mutations
  6074 | D:6      | Gained mutation: Your spells are a little easier to cast,
                  | but a little less powerful. [Xom's mischief]
  6074 | D:6      | Lost mutation: You are very frail. (-20% HP) [Xom's
                  | mischief]
  6074 | D:6      | Gained mutation: Your body sometimes deteriorates upon
                  | taking damage. [Xom's mischief]
  6074 | D:6      | Gained mutation: You passively map a small area around you.
                  | [Xom's mischief]
  6145 | D:6      | Reached skill level 5 in Shields
  6299 | D:6      | Found Esujoug's Weapon Boutique.
  6414 | D:6      | Gained mutation: You regenerate a little health from kills.
                  | [demonic ancestry]
  6414 | D:6      | Reached XP level 9. HP: 25/56 MP: 9/9
  6491 | D:6      | XOM: draining
  6620 | D:6      | XOM: summons friendly quasit
  6805 | D:7      | XOM: scenery: summon butterflies
  6816 | D:7      | Reached skill level 10 in Maces & Flails
  6890 | D:7      | XOM: silly message
  6996 | D:7      | Found a staircase to the Ecumenical Temple.
  7028 | Temple   | Entered the Ecumenical Temple
  7029 | Temple   | XOM: scenery: create altars
  7037 | Temple   | Fell from the grace of Xom
  7037 | Temple   | Became a worshipper of Warmaster Okawaru
  7058 | D:7      | Found a large runed translucent door.
  7058 | D:7      | Found a large runed translucent door.
  7059 | D:7      | Noticed riro's ghost (novice GrEE)
  7088 | D:7      | Found Eskutwim's General Store.
  7148 | D:7      | XOM: scenery: summon butterflies
  7149 | D:7      | Was placed under penance by Okawaru
  7381 | D:7      | XOM: summons 4 hostile shadow creatures
  7500 | D:6      | Killed a two-headed ogre
  7500 | D:6      | Was forgiven by Okawaru
  7501 | D:6      | Reached skill level 4 in Fighting
  7767 | D:7      | Reached skill level 5 in Fighting
  7767 | D:7      | Noticed a glowing shapeshifter
  7767 | D:7      | a killer bee changed into a glowing shapeshifter
  7767 | D:7      | XOM: polymorph killer bee -> glowing shapeshifter
  7769 | D:7      | Noticed an anaconda
  7769 | D:7      | a glowing shapeshifter changed into an anaconda
  7771 | D:7      | Noticed a glowing orange brain
  7771 | D:7      | an anaconda changed into a glowing orange brain
  7772 | D:7      | Noticed a water nymph
  7772 | D:7      | a glowing orange brain changed into a water nymph
  7941 | D:7      | XOM: summons 2 hostile shadow creatures
  8288 | D:7      | XOM: give mutations
  8288 | D:7      | Lost mutation: You are clumsy. (Dex -2) [Xom's mischief]
  8288 | D:7      | Gained mutation: You do not regenerate when monsters are
                  | visible. [Xom's mischief]
  8288 | D:7      | Gained mutation: You are clumsy. (Dex -2) [Xom's mischief]
  8440 | D:7      | Lost mutation: Your spells are a little easier to cast, but
                  | a little less powerful. [potion of mutation]
  8440 | D:7      | Gained mutation: Your magical capacity is low. (-10% MP)
                  | [potion of mutation]
  8440 | D:7      | Lost mutation: You are clumsy. (Dex -2) [potion of
                  | mutation]
  8440 | D:7      | Gained mutation: Your spells are a little harder to cast,
                  | but a little more powerful. [potion of mutation]
  8698 | D:8      | Noticed Erica
  8721 | D:8      | Killed Erica
  8722 | D:8      | Gained mutation: You are powered by pain. [demonic
                  | ancestry]
  8722 | D:8      | Reached XP level 10. HP: 29/68 MP: 9/9
  8883 | D:8      | XOM: stat loss: -3 Str (11/14)
  8927 | D:8      | Noticed a +0 hand axe
  8928 | D:8      | Found a hide-covered altar of Uskayaw.
  8929 | D:8      | Noticed a +0 hand axe
  9027 | D:8      | Noticed Maurice
  9048 | D:8      | Killed Maurice
  9049 | D:8      | Reached skill level 6 in Fighting
  9397 | D:8      | XOM: summons 1 hostile demon
  9483 | D:8      | Reached * piety under Okawaru
  9633 | D:9      | Identified the +5 chain mail of Tecuutt {Drain Regen+ Int+4
                  | Dex+4}
  9703 | D:9      | XOM: torment (35/68 hp)
  9736 | D:9      | Noticed Psyche
  9743 | D:9      | Killed Psyche
  9932 | D:9      | Noticed a two-headed ogre
  9937 | D:9      | Killed a two-headed ogre
  9998 | D:9      | Reached ** piety under Okawaru
 10076 | D:9      | Noticed Gastronok
 10129 | D:9      | Killed Gastronok
 10130 | D:9      | Reached XP level 11. HP: 12/72 MP: 9/9
 10218 | D:9      | XOM: blink monster(s)
 10445 | D:9      | XOM: torment (37/72 hp)
 10505 | D:9      | Noticed a two-headed ogre
 10511 | D:9      | Killed a two-headed ogre
 10511 | D:9      | Reached *** piety under Okawaru
 10512 | D:9      | Reached skill level 5 in Armour
 10589 | D:10     | Entered Level 10 of the Dungeon
 10960 | D:10     | Found a huge runed translucent gate.
 10960 | D:10     | Found a huge runed translucent gate.
 10961 | D:10     | Found a huge runed translucent gate.
 10962 | D:10     | Found a huge runed translucent gate.
 10962 | D:10     | Noticed a death yak
 11014 | D:10     | XOM: enchant monster (bad)
 11363 | D:10     | Found a staircase to the Lair.
 11784 | Lair:1   | Entered Level 1 of the Lair of Beasts
 11911 | Lair:1   | XOM: enchant monster (bad)
 12051 | Lair:1   | Reached **** piety under Okawaru
 12206 | Lair:1   | Found a frozen archway.
 12250 | IceCv    | Entered an ice cave
 12257 | IceCv    | Identified a scroll of acquirement
 12257 | IceCv    | Acquired a manual of Fighting
 12356 | IceCv    | Reached skill level 7 in Fighting
 12455 | IceCv    | XOM: noise
 12908 | D:6      | Bought a scroll of acquirement for 520 gold pieces
 12908 | D:6      | Acquired the +7 demon whip of Fate {freeze, +Blink rElec}
 13332 | Lair:2   | Reached skill level 1 in Invocations
 13337 | Lair:1   | Reached ***** piety under Okawaru
 13366 | Lair:2   | Reached skill level 8 in Fighting
 13537 | Lair:2   | XOM: 2-stop teleportation journey
 13558 | Lair:2   | Gained mutation: You are mostly covered in yellow scales.
                  | (AC +3) [demonic ancestry]
 13558 | Lair:2   | Reached XP level 12. HP: 52/84 MP: 13/13
 13586 | Lair:2   | XOM: 3-stop teleportation journey
 13639 | Lair:2   | Reached skill level 9 in Fighting
 13685 | Lair:2   | Reached skill level 5 in Invocations
 13732 | Lair:2   | Reached skill level 10 in Fighting
 13789 | Lair:2   | XOM: give mutation
 13789 | Lair:2   | Lost mutation: You are weak. (Str -2) [Xom's mischief]
 13844 | Lair:2   | Noticed a four-headed hydra
 13854 | Lair:2   | Killed a four-headed hydra
 13854 | Lair:2   | Identified the +7 dire flail of Compound Interest {freeze,
                  | rElec rC+ Will+++ Stlth-} (Okawaru gifted it to you on
                  | level 2 of the Lair of Beasts)
 13854 | Lair:2   | Received a gift from Okawaru
 13933 | Lair:2   | Noticed a six-headed hydra
 13938 | Lair:2   | Killed a six-headed hydra
 14278 | Lair:3   | Reached skill level 11 in Fighting
 14579 | Lair:4   | Found a staircase to the Shoals.
 14612 | Lair:4   | Noticed a seven-headed hydra
 14616 | Lair:4   | Killed a seven-headed hydra
 14617 | Lair:4   | Reached skill level 12 in Fighting
 14648 | Lair:4   | Noticed Josephine
 14667 | Lair:4   | Killed Josephine
 14686 | Lair:4   | Noticed a boulder beetle
 14706 | Lair:4   | Killed a boulder beetle
 14734 | Lair:4   | Found a hole to the Spider Nest.
 15017 | Lair:4   | Received a gift from Okawaru
 15056 | Lair:4   | Reached skill level 10 in Invocations
 15073 | Lair:4   | Noticed a death yak
 15075 | Lair:4   | Reached skill level 13 in Fighting
 15086 | Lair:4   | Killed a death yak
 15090 | Lair:4   | Noticed a five-headed hydra
 15097 | Lair:4   | Gained mutation: You regenerate health from kills. [demonic
                  | ancestry]
 15097 | Lair:4   | Reached XP level 13. HP: 70/99 MP: 18/18
 15157 | Lair:4   | Identified the ring "Jyiciku" {Fly rElec Will+ Str-5}
 15198 | Lair:4   | Reached ****** piety under Okawaru
 15220 | Lair:4   | Identified the +0 storm dragon scales of the Harvest {rElec
                  | Regen+ Str-3 Int+4 Stlth+} (Okawaru gifted it to you on
                  | level 4 of the Lair of Beasts)
 15220 | Lair:4   | Received a gift from Okawaru
 15221 | Lair:4   | Reached skill level 14 in Fighting
 15226 | Lair:4   | XOM: noise
 15226 | Lair:4   | Was forgiven by Xom
 16170 | Lair:5   | Found a staircase to the Slime Pits.
 16170 | Lair:5   | Found a viscous altar of Jiyva.
 16330 | Lair:5   | Reached skill level 15 in Fighting
 16764 | Slime:1  | Entered Level 1 of the Pits of Slime
 16764 | Slime:1  | Noticed a rockslime
 16781 | Lair:6   | Entered Level 6 of the Lair of Beasts
 16845 | Lair:6   | Noticed Urug
 16864 | Lair:6   | Killed Urug
 17209 | Lair:6   | Lost mutation: Your spells are a little harder to cast, but
                  | a little more powerful. [potion of mutation]
 17209 | Lair:6   | Lost mutation: Your body sometimes deteriorates upon taking
                  | damage. [potion of mutation]
 17209 | Lair:6   | Lost mutation: You do not regenerate when monsters are
                  | visible. [potion of mutation]
 17209 | Lair:6   | Gained mutation: You are covered in fur. (AC +1) [potion of
                  | mutation]
 17209 | Lair:6   | Gained mutation: You are dopey. (Int -2) [potion of
                  | mutation]
 17209 | Lair:6   | Gained mutation: You are somewhat resistant to further
                  | mutation. [potion of mutation]
 17210 | Lair:6   | Lost mutation: You are frail. (-10% HP) [potion of
                  | mutation]
 17210 | Lair:6   | Lost mutation: You passively map a small area around you.
                  | [potion of mutation]
 17210 | Lair:6   | Lost mutation: Your magical capacity is low. (-10% MP)
                  | [potion of mutation]
 17241 | Lair:6   | Received a gift from Okawaru
 17678 | Lair:6   | Reached XP level 14. HP: 123/123 MP: 23/23
 17811 | Lair:6   | Identified the +6 morningstar "Demonspawn's Doom" {vorpal,
                  | +Rage} (Okawaru gifted it to you on level 6 of the Lair of
                  | Beasts)
 17811 | Lair:6   | Received a gift from Okawaru
 17827 | Lair:6   | Reached skill level 15 in Maces & Flails
 17910 | Lair:6   | Identified the amulet of Starshine {RegenMP Rampage rN++}
 18409 | D:7      | Killed riro's ghost
 18991 | D:11     | Identified the +8 dire flail of Greatest Utility {vorpal,
                  | rF+} (Okawaru gifted it to you on level 11 of the Dungeon)
 18991 | D:11     | Received a gift from Okawaru
 19006 | D:11     | Found a bloodstained altar of Trog.
 19016 | D:11     | Found a transporter.
 19016 | D:11     | Noticed MirrMurr's ghost (journeyman SpEn)
 19222 | D:11     | Found a transporter.
 19785 | D:12     | Found a staircase to the Orcish Mines.
 20057 | D:12     | Received a gift from Okawaru
 20278 | D:12     | Found an ancient bone altar of Kikubaaqudgha.
 20304 | D:12     | Noticed a vampire knight
 20320 | D:12     | Killed a vampire knight
 20356 | D:12     | Identified the +4 plate armour of Elyvilon's Displeasure
                  | {+Inv Regen+ SInv}
 20482 | Orc:1    | Entered Level 1 of the Orcish Mines
 20535 | Orc:1    | Noticed Sonja
 20544 | Orc:1    | Noticed Erolcha
 20556 | Orc:1    | Killed Erolcha
 20565 | Orc:1    | Killed Sonja
 20708 | Orc:1    | Found a dark tunnel.
 20710 | Orc:1    | Gained mutation: You have claws for feet. [demonic
                  | ancestry]
 20710 | Orc:1    | Reached XP level 15. HP: 115/115 MP: 24/24
 20720 | Volcano  | Entered a volcano
 20835 | Volcano  | Identified the +10 crystal plate armour of Bitterness
                  | {Regen+} (Okawaru gifted it to you in a volcano)
 20835 | Volcano  | Received a gift from Okawaru
 20838 | Volcano  | Reached skill level 10 in Shields
 21119 | Orc:2    | Entered Level 2 of the Orcish Mines
 21119 | Orc:2    | Found a staircase to the Elven Halls.
 21119 | Orc:2    | Noticed Snorg
 21210 | Orc:1    | Killed Snorg
 21841 | Orc:2    | Found Dehao's Armour Shoppe.
 22133 | Orc:2    | Found Aqakheawu's Antique Weapon Shoppe.
 22136 | Orc:2    | Found Feosacri's Antique Weapon Boutique.
 22136 | Orc:2    | Found Kouty's Weapon Boutique.
 22473 | D:13     | Identified Gikh's Incunabulum of Plaster Cramp
 22552 | D:13     | Identified the Almanac of Axaxaxas mlö
 22559 | D:13     | Identified the Handbook of Dhcmrlchtdj
 22670 | D:13     | Acquired a +1 kite shield of poison resistance
 23532 | D:14     | Found a gate to the Vaults.
 23696 | D:14     | Found a flagged portal.
 23705 | Bailey   | Entered a bailey
 23908 | Bailey   | Noticed an orc warlord
 23924 | Bailey   | Killed an orc warlord
 23993 | Bailey   | Acquired the +8 orange crystal plate armour {Archmagi,
                  | Int+3 Clar}
 23994 | Bailey   | Found the +8 orange crystal plate armour {Archmagi, Int+3
                  | Clar}
 24013 | Bailey   | Gained mutation: You are completely covered in yellow
                  | scales. (AC +4, rCorr) [demonic ancestry]
 24013 | Bailey   | Reached XP level 16. HP: 136/136 MP: 25/25
 24105 | D:14     | Found a runed translucent door.
 24111 | D:14     | Received a gift from Okawaru
 24118 | D:14     | Found a runed translucent door.
 24129 | D:14     | Gained mutation: You are robust. (+10% HP) [demonic
                  | ancestry]
 24129 | D:14     | Reached XP level 17. HP: 123/156 MP: 26/26
 24199 | D:14     | Reached skill level 15 in Shields
 24236 | D:14     | Identified Faefac's Papyrus of Lightness
 24531 | D:15     | Entered Level 15 of the Dungeon
 24687 | D:15     | Reached skill level 1 in Spellcasting
 24770 | D:15     | Found an ancient bone altar of Kikubaaqudgha.
 24770 | D:15     | Found a sparkling altar of Nemelex Xobeh.
 24921 | D:15     | Found a staircase to the Depths.
 25005 | D:15     | Found a hazy altar of Hepliaklqana.
 25238 | D:15     | Received a gift from Okawaru
 26030 | D:15     | Reached skill level 16 in Fighting
 26043 | D:15     | Reached skill level 5 in Spellcasting
 26718 | D:15     | Reached skill level 10 in Armour
 26719 | D:15     | Identified the +10 hand axe of the Jumping Ass {elec, rF+
                  | Dex+3}
 26859 | D:15     | Identified the +3 scale mail "Giulaz" {+Blink Str+4}
 26958 | D:15     | Gained mutation: You are very robust. (+20% HP) [demonic
                  | ancestry]
 26958 | D:15     | Reached XP level 18. HP: 122/181 MP: 27/27
 27299 | Spider:1 | Entered Level 1 of the Spider Nest
 27437 | Spider:1 | Identified the +2 scale mail of Donuomm {*Corrode rElec
                  | Stlth+} (Okawaru gifted it to you on level 1 of the Spider
                  | Nest)
 27437 | Spider:1 | Received a gift from Okawaru
 27484 | Spider:1 | Acquired a +0 pair of gloves of strength
 28379 | Spider:2 | Found a runed translucent door.
 28379 | Spider:2 | Noticed Asoiz's ghost (adept TeMo)
 28462 | Spider:2 | Killed Asoiz's ghost
 28479 | Spider:2 | Identified the ring of Awe {rF+ MP+9 Int+3 Dex+2}
 28676 | Spider:3 | Identified the Compendium of Toxic Transmigration
 28818 | Spider:3 | Found a runed translucent door.
 28994 | Spider:3 | Reached skill level 17 in Fighting
 29408 | Spider:3 | Identified the ring "Patith" {Fire +Blink rElec Int+4
                  | Dex-2}
 29824 | Spider:3 | Identified the +1 steam dragon scales "Gudd" {Regen+}
                  | (Okawaru gifted it to you on level 3 of the Spider Nest)
 29824 | Spider:3 | Received a gift from Okawaru
 29884 | Spider:4 | Entered Level 4 of the Spider Nest
 30731 | Spider:4 | Got a gossamer rune of Zot
 31069 | Spider:4 | Found a hide-covered altar of Uskayaw.
 31266 | Shoals:1 | Entered Level 1 of the Shoals
 31283 | Shoals:1 | Reached skill level 18 in Fighting
 31284 | Shoals:1 | Reached XP level 19. HP: 161/195 MP: 28/28
 31564 | Shoals:1 | Noticed Louise
 31573 | Shoals:1 | Killed Louise
 31590 | Shoals:1 | Identified the +2 pair of gloves of Gallantry {rElec Dex+4
                  | Stlth-} (Okawaru gifted it to you on level 1 of the Shoals)
 31590 | Shoals:1 | Received a gift from Okawaru
 32157 | Shoals:2 | Noticed Jorgrun
 32183 | Shoals:2 | Killed Jorgrun
 32191 | Shoals:2 | Learned a level 2 spell: Blink
 32206 | Shoals:2 | Found a transporter.
 32211 | Shoals:2 | Found a transporter.
 32212 | Shoals:2 | Noticed Corhaoqi's ghost (adept MiGl)
 32276 | Shoals:2 | Noticed Ilsuiw
 32810 | Shoals:2 | Noticed Polyphemus
 32814 | Shoals:2 | Killed Ilsuiw
 32827 | Shoals:2 | Killed Polyphemus
 33382 | Shoals:2 | Reached skill level 1 in Translocations
 33869 | Shoals:2 | Killed Corhaoqi's ghost
 33869 | Shoals:2 | Identified the +1 ring mail "Boof" {+Inv} (Okawaru gifted
                  | it to you on level 2 of the Shoals)
 33869 | Shoals:2 | Received a gift from Okawaru
 33933 | Shoals:2 | Identified the ring of Xeeloi {rPois rC+ Will+++ Str-4
                  | Int-5}
 34134 | Shoals:3 | Reached skill level 19 in Fighting
 34432 | Shoals:3 | Reached skill level 5 in Translocations
 34452 | Shoals:3 | Noticed Roxanne
 35117 | Shoals:3 | Noticed Aizul
 35130 | Shoals:3 | Killed Aizul
 35339 | Shoals:3 | Killed Roxanne
 35382 | Shoals:3 | Found Qihuf's Distillery.
 35410 | Shoals:3 | Bought a potion of heal wounds for 50 gold pieces
 35410 | Shoals:3 | Bought a potion of heal wounds for 50 gold pieces
 35410 | Shoals:3 | Bought a potion of curing for 30 gold pieces
 35410 | Shoals:3 | Bought a potion of curing for 30 gold pieces
 35410 | Shoals:3 | Bought a potion of might for 40 gold pieces
 35410 | Shoals:3 | Bought a potion of might for 40 gold pieces
 35482 | Shoals:4 | Entered Level 4 of the Shoals
 35554 | Shoals:4 | Found a flickering gateway to a bazaar.
 35576 | Bazaar   | Entered a bazaar
 35576 | Bazaar   | Found Kicut Wol's Weapon Shoppe.
 35576 | Bazaar   | Found Realau's Jewellery Emporium.
 35630 | Bazaar   | Found Nidata Izeo's Weapon Shoppe.
 35646 | Bazaar   | Found Uxtuleob's Magic Scroll Emporium.
 35650 | Bazaar   | Bought the ring of the Mage {Wiz Will++ Int+3} for 672 gold
                  | pieces
 35650 | Bazaar   | Found the ring of the Mage {Wiz Will++ Int+3}
 35655 | Bazaar   | Bought a scroll of blinking for 75 gold pieces
 35655 | Bazaar   | Bought a scroll of blinking for 75 gold pieces
 35655 | Bazaar   | Bought a scroll of teleportation for 30 gold pieces
 35655 | Bazaar   | Bought a scroll of fear for 35 gold pieces
 35655 | Bazaar   | Bought a scroll of immolation for 35 gold pieces
 35655 | Bazaar   | Bought a scroll of enchant weapon for 75 gold pieces
 35655 | Bazaar   | Bought a scroll of amnesia for 35 gold pieces
 35744 | Shoals:4 | Reached XP level 20. HP: 61/208 MP: 30/30
 36704 | Shoals:4 | Received a gift from Okawaru
 36734 | Shoals:4 | Got a barnacled rune of Zot
 36735 | Shoals:4 | Acquired the +5 demon whip "Spellbinder" {antimagic, Will+}
 36736 | Shoals:4 | Found the +5 demon whip "Spellbinder" {antimagic, Will+}
 36738 | Shoals:4 | Acquired a manual of Translocations
 36740 | Shoals:4 | Acquired 1288 gold pieces
 37479 | D:11     | Killed MirrMurr's ghost
 37603 | Vaults:1 | Entered Level 1 of the Vaults
 37723 | Vaults:1 | Found Togag's General Store.
 37730 | Vaults:1 | Bought 2 potions of curing for 108 gold pieces
 37730 | Vaults:1 | Bought a scroll of teleportation for 54 gold pieces
 37975 | Vaults:1 | Reached skill level 10 in Translocations
 39222 | Vaults:2 | Received a gift from Okawaru
 39296 | Vaults:2 | Reached skill level 20 in Fighting
 40086 | Vaults:2 | Found a huge runed gate.
 40086 | Vaults:2 | Found a huge runed gate.
 40087 | Vaults:2 | Found a huge runed gate.
 40087 | Vaults:2 | Found a huge runed gate.
 40087 | Vaults:2 | Found a huge runed gate.
 40088 | Vaults:2 | Found a huge runed gate.
 40088 | Vaults:2 | Found a huge runed gate.
 40088 | Vaults:2 | Found a huge runed gate.
 40088 | Vaults:2 | Found a huge runed gate.
 40090 | Vaults:2 | Found a huge runed gate.
 40090 | Vaults:2 | Found a huge runed gate.
 40090 | Vaults:2 | Found a huge runed gate.
 40090 | Vaults:2 | Found a huge runed gate.
 40090 | Vaults:2 | Found a huge runed gate.
 40090 | Vaults:2 | Found a huge runed gate.
 40091 | Vaults:2 | Found a huge runed gate.
 40270 | Vaults:2 | Found a huge runed gate.
 40328 | Vaults:2 | Found a huge runed gate.
 40328 | Vaults:2 | Found a huge runed gate.
 40328 | Vaults:2 | Found a huge runed gate.
 40328 | Vaults:2 | Found a huge runed gate.
 40328 | Vaults:2 | Found a huge runed gate.
 40328 | Vaults:2 | Found a huge runed gate.
 40329 | Vaults:2 | Found a huge runed gate.
 40330 | Vaults:2 | Found a huge runed gate.
 40331 | Vaults:2 | Found a huge runed gate.
 40339 | Vaults:2 | Found a huge runed gate.
 40339 | Vaults:2 | Found a huge runed gate.
 40339 | Vaults:2 | Found a huge runed gate.
 40339 | Vaults:2 | Found a huge runed gate.
 40339 | Vaults:2 | Found a huge runed gate.
 40339 | Vaults:2 | Found a huge runed gate.
 40340 | Vaults:2 | Found a huge runed gate.
 40341 | Vaults:2 | Found a huge runed gate.
 40342 | Vaults:2 | Found a huge runed gate.
 40350 | Vaults:2 | Found a huge runed gate.
 40560 | Vaults:2 | Identified the +2 robe of Noughts and Crosses {rElec}
                  | (Okawaru gifted it to you on level 2 of the Vaults)
 40560 | Vaults:2 | Received a gift from Okawaru
 40799 | Vaults:2 | Reached XP level 21. HP: 183/219 MP: 31/31
 41225 | Vaults:2 | Identified the +1 ring mail of the Stallion {Rampage rC++
                  | Dex+4}
 41978 | Vaults:3 | Found Dyelutibun's Magic Scroll Boutique.
 42025 | Vaults:3 | Bought a scroll of teleportation for 42 gold pieces
 42025 | Vaults:3 | Bought a scroll of blinking for 105 gold pieces
 42025 | Vaults:3 | Bought a scroll of blinking for 105 gold pieces
 42025 | Vaults:3 | Bought a scroll of immolation for 49 gold pieces
 42440 | Vaults:3 | Received a gift from Okawaru
 42748 | Vaults:3 | Found Gisoffu's Magic Scroll Boutique.
 42748 | Vaults:3 | Found Liathry's Jewellery Boutique.
 42754 | Vaults:3 | Bought a scroll of fear for 56 gold pieces
 42754 | Vaults:3 | Bought a scroll of magic mapping for 56 gold pieces
 42754 | Vaults:3 | Bought a scroll of magic mapping for 56 gold pieces
 42754 | Vaults:3 | Bought a scroll of enchant armour for 120 gold pieces
 42758 | Vaults:3 | Found Ynuuho's Magic Scroll Boutique.
 42782 | Vaults:3 | Bought a scroll of acquirement for 1144 gold pieces
 42782 | Vaults:3 | Bought a scroll of acquirement for 1144 gold pieces
 42782 | Vaults:3 | Acquired 795 gold pieces
 42783 | Vaults:3 | Acquired 615 gold pieces
 42893 | Vaults:3 | Found a staircase to the Crypt.
 43151 | Vaults:4 | Paralysed by a great orb of eyes for 2 turns
 43282 | Vaults:4 | Reached skill level 15 in Translocations
 43369 | Vaults:4 | Reached skill level 21 in Fighting
 43879 | Vaults:4 | Received a gift from Okawaru
 43903 | Vaults:4 | Gained mutation: You regenerate a lot of health from kills.
                  | [demonic ancestry]
 43903 | Vaults:4 | Reached XP level 22. HP: 232/232 MP: 32/32
 44347 | Vaults:5 | Entered Level 5 of the Vaults
 44347 | Vaults:5 | Noticed Sojobo
 44355 | Vaults:5 | Killed Sojobo
 44356 | Vaults:5 | Noticed a golden dragon
 44395 | Vaults:5 | Received a gift from Okawaru
 45822 | Vaults:4 | Received a gift from Okawaru
 46061 | Vaults:4 | Killed a golden dragon
 46231 | Vaults:4 | Reached skill level 15 in Armour
 46417 | Vaults:4 | Identified the +1 ring mail "Toucotsi" {rPois rN+++ Will-
                  | Int+3} (Okawaru gifted it to you on level 4 of the Vaults)
 46417 | Vaults:4 | Received a gift from Okawaru
 46540 | Vaults:5 | Reached XP level 23. HP: 135/240 MP: 33/33
 47875 | Vaults:5 | Identified the +10 rapier of Teihoxa {flame, rElec rPois
                  | Int+3 Dex-3}
 48174 | Vaults:5 | Cast into level 3 of the Abyss (tengu reaver)
 48543 | Abyss:3  | Identified the +6 plate armour of Insecurity {*Corrode
                  | rPois Will- Dex+10}
 48578 | Abyss:3  | Found a corrupted altar of Lugonu.
 48596 | Vaults:5 | Escaped the Abyss
 48648 | Vaults:5 | Received a gift from Okawaru
 49157 | Vaults:5 | Noticed an ancient lich
 49165 | Vaults:5 | Killed an ancient lich
 49516 | Vaults:5 | Noticed Bai Suzhen
 49535 | Vaults:5 | Killed Bai Suzhen
 50392 | Vaults:5 | Got a silver rune of Zot
 50530 | Vaults:5 | Identified the ring "Jiludy Kadda" {rPois Dex+2}
 50532 | Vaults:5 | Identified Sif Muna's Disquisition on Flight and Snow
 51036 | Depths:1 | Entered Level 1 of the Depths
 51172 | Depths:1 | Found a gateway to Hell.
 51308 | Depths:1 | Received a gift from Okawaru
 51489 | Depths:1 | Found a one-way gate to the infinite horrors of the Abyss.
 51562 | Depths:1 | Found a one-way gate leading to the halls of Pandemonium.
 51964 | Depths:2 | Noticed Mara
 51999 | Depths:2 | Noticed Froggeryz's illusion
 52007 | Depths:2 | Killed Mara
 52008 | Depths:2 | Reached XP level 24. HP: 249/249 MP: 14/33
 52420 | Depths:2 | Found a gateway to a ziggurat.
 52522 | Depths:2 | Identified the +6 bardiche of Symmetry {drain, rElec}
 52556 | Depths:2 | Received a gift from Okawaru
 53120 | Depths:2 | Identified the +1 scale mail of Nyorhail {Dex+6} (Okawaru
                  | gifted it to you on level 2 of the Depths)
 53120 | Depths:2 | Received a gift from Okawaru
 53170 | Depths:2 | Found a portal to a secret trove of treasure.
 53229 | Depths:2 | Found a corrupted altar of Lugonu.
 53815 | Depths:3 | Noticed Jory
 53831 | Depths:3 | Killed Jory
 54044 | Depths:3 | Reached skill level 1 in Throwing
 54313 | Depths:3 | Reached skill level 1 in Evocations
 54575 | Depths:3 | Found a blossoming altar of Fedhas.
 54904 | Depths:4 | Reached skill level 5 in Throwing
 54914 | Depths:4 | Reached XP level 25. HP: 240/256 MP: 33/33
 54987 | Depths:4 | Received a gift from Okawaru
 55189 | Depths:4 | Found a hazy altar of Hepliaklqana.
 55263 | Depths:4 | Found Caess's Weapon Emporium.
 55571 | Depths:4 | Reached skill level 5 in Evocations
 55782 | Depths:4 | Found the +2 hood of the Assassin {Detection Stab+ Stlth++}
 55798 | Depths:4 | Found a shadowy altar of Dithmenos.
 55808 | Depths:4 | Identified the +4 shadow dragon scales of Buteff {rC+ Dex+2
                  | Stlth++++}
 55985 | Depths:4 | Found Fioqidai's Armour Emporium.
 56212 | Depths:5 | Entered Level 5 of the Depths
 56669 | Depths:5 | Reached skill level 10 in Throwing
 56782 | Depths:5 | Identified the +7 trident "Obogruit" {venom, +Blink}
 56881 | Depths:5 | Found a gate to the Realm of Zot.
 57616 | Depths:5 | Found a runed translucent gate.
 57617 | Depths:5 | Found a runed translucent gate.
 57617 | Depths:5 | Found a runed translucent gate.
 57773 | Depths:5 | Identified the +1 buckler "Yquasus" {rElec rF+ Str+4
                  | Stlth+} (Okawaru gifted it to you on level 5 of the Depths)
 57773 | Depths:5 | Received a gift from Okawaru
 57826 | Depths:5 | Found a runed translucent gate.
 57826 | Depths:5 | Found a runed translucent gate.
 57830 | Depths:5 | Found a runed translucent gate.
 57830 | Depths:5 | Noticed Quahany's ghost (legendary GrEE)
 57889 | Zot:1    | Entered Level 1 of the Realm of Zot
 59791 | Zot:1    | Reached XP level 26. HP: 263/266 MP: 33/33
 59843 | Zot:1    | Received a gift from Okawaru
 59844 | Zot:1    | Reached skill level 10 in Evocations
 60341 | Zot:2    | Noticed an orb of fire
 60351 | Zot:2    | Killed an orb of fire
 60351 | Zot:2    | Received a gift from Okawaru
 60794 | Zot:1    | Received a gift from Okawaru
 61114 | Zot:2    | Identified the +0 hat of Mezcal {rCorr Str+4 Dex+5}
                  | (Okawaru gifted it to you on level 2 of the Realm of Zot)
 61114 | Zot:2    | Received a gift from Okawaru
 61294 | Zot:2    | Reached skill level 1 in Dodging
 62645 | Zot:3    | Reached skill level 15 in Throwing
 62916 | Zot:3    | Reached skill level 5 in Dodging
 62924 | Zot:3    | Received a gift from Okawaru
 63148 | Zot:3    | Gained mutation: You are extremely robust. (+30% HP)
                  | [demonic ancestry]
 63148 | Zot:3    | Reached XP level 27. HP: 215/300 MP: 33/33
 63151 | Zot:3    | Identified the ring of Untruth {rPois Int+7 Dex-5}
 63622 | Zot:3    | Reached skill level 22 in Fighting
 65015 | Zot:4    | Identified the +9 flail of the Morning {protect, Str+6}
 65796 | Zot:4    | Received a gift from Okawaru
 66046 | Zot:5    | Entered Level 5 of the Realm of Zot
 66143 | Zot:5    | Noticed an orb of fire
 66148 | Zot:5    | Noticed an orb of fire
 66151 | Zot:5    | Noticed an ancient lich
 66161 | Zot:5    | Killed an orb of fire
 66164 | Zot:5    | Noticed an orb of fire
 66168 | Zot:5    | Noticed a dread lich
 66640 | Zot:5    | Killed an orb of fire
 66786 | Zot:5    | Identified the +5 flail of Precise Incision {vorpal, rPois
                  | rC+} (Okawaru gifted it to you on level 5 of the Realm of
                  | Zot)
 66786 | Zot:5    | Received a gift from Okawaru
 66953 | Zot:5    | Noticed an orb of fire
 66953 | Zot:5    | Noticed an orb of fire
 66975 | Zot:5    | Killed an orb of fire
 66981 | Zot:5    | Gained mutation: You sometimes lose the ability to read
                  | scrolls when taking damage. [an orb of fire]
 66987 | Zot:5    | HP: 12/302 [golden dragon (9)]
 66987 | Zot:5    | HP: 3/302 [Killer Klown/klown pie (9)]
 66990 | Zot:5    | Slain by a storm dragon

Illustrated notes

Levels and vault maps discovered:
D:1:      kb_arrival_jail, layout_loops_ring, serial_shops, shop
D:2:      layout_rooms, chequers_ecumenical_altar_simple, minmay_goblin_outpost
D:3:      layout_basic
D:4:      minmay_chambers_of_threes, layout_rooms, kennysheep_flooded_box,
          lexackson_kobold_supper
D:5:      layout_loops_ring, uniq_menkaure
D:6:      lemuel_ratsnest, layout_loops_corners, serial_shops, shop_fountains,
          shop, shop, shop, st_stairs_7
D:7:      layout_cave_pods, minmay_temple_entry_statues_pillars,
          ebering_ghost_disaster_area, serial_shops, shop
D:8:      layout_basic, dancing_weapons_uskayaw, minmay_nine_imps, uniq_maurice,
          uniq_erica
D:9:      layout_loops_cross, uniq_psyche, uniq_gastronok
D:10:     lemuel_bear_cage, layout_stronghold, lair_entry_dummy
D:11:     layout_loops_ring, gammafunk_ghost_wrathful_warriors, minivault_23
D:12:     lemuel_vampire_tower, layout_small_grid, orc_0_dummy
D:13:     layout_loops_ring, chequers_avenue, bh_hangedman_babel_library
D:14:     minmay_expanding_circles, layout_rooms, david_vaults_4,
          hangedman_decor_growths, enter_bailey_2,
          hangedman_parallel_progression
D:15:     hangedman_slaughterboxes
Temple:   nicolae_temple_the_god_donut
Lair:1:   layout_misc_corridors, portal_ice_cave_entry_imps,
          beast_lair_carwin_5, serial_bayou_shore_b
Lair:2:   layout_cave_shapes, serial_bayou_shore_b, serial_bayou_shore_a,
          infiniplex_staircase_pool_2
Lair:3:   layout_roguey
Lair:4:   nzn_winding_woodlands_large [nzn_winding_woodlands_hourglass,
          nzn_winding_woodlands_5x15_split_checker,
          nzn_winding_woodlands_5x5_default, nzn_winding_woodlands_center_lodge,
          nzn_winding_woodlands_15x15_five_gardens,
          nzn_winding_woodlands_center_garden,
          nzn_winding_woodlands_5x5_perimeter,
          nzn_winding_woodlands_5x15_pockets, nzn_winding_woodlands_5x5_three],
          layout_regular_city, shoals_dummy_entry,
          nicolae_spider_entry_non_spiders, chequers_serial_rivers_large_b,
          serial_bayou_pond_c, minmay_lair_oklob_items, disabler_island,
          uniq_josephine
Lair:5:   wad_woods_tower, layout_misc_corridors, slime_altar_1
Lair:6:   evilmike_catoblepas_cave, layout_cellular_growth, uniq_urug
Shoals:1: layout_shoals, uniq_louise
Shoals:2: layout_shoals, ebering_ghost_davey_jones,
          nicolae_shoals_stone_sculpture_thing, yaktaur_hedge, uniq_polyphemus,
          uniq_ilsuiw, uniq_jorgrun
Shoals:3: layout_shoals, serial_shops, nicolae_shop_window_shopping,
          uniq_roxanne, uniq_aizul
Shoals:4: shoals_end_hangedman, layout_shoals, serial_shops, bzr_in_the_mist
Spider:1: layout_spider_delve, spiders_nest_hornet_nest
Spider:2: layout_spider_delve, gammafunk_ghost_grave
Spider:3: cheibrodos_spider_deadly_dance
Spider:4: grunt_spider_rune_parallel, nicolae_spider_altar_of_dancing
Slime:1:  layout_caves
Orc:1:    layout_diamond_mine, nicolae_volcano_entry_batcave, mines4_lemuel,
          uniq_erolcha, uniq_sonja
Orc:2:    st_orc_elflike, layout_caves, uniq_snorg
Vaults:1: vaults_mumra_lcd, nicolae_vaults_gold_heap, v_misc_10,
          nicolae_vaults_puzzle_piece, v_rooms_2,
          nicolae_vaults_stairing_the_circle, ontoclasm_vaults_ligature,
          vaults_dpeg_hooks, nicolae_vaults_three_branches,
          layout_vaults_omnicross, serial_shops, shop
Vaults:2: vaults_door_vault, v_misc_16, hangedman_vaults_stretched_pinwheel,
          nicolae_vaults_circle_grid_b, v_misc_33, vaults_room_door_hall,
          ontoclasm_vaults_shuriken, ontoclasm_vaults_chip,
          hangedman_vaults_nails, vaults_dpeg_diagonal, vaults_room_semicircle,
          v_misc_9, layout_vaults_chaotic_city
Vaults:3: hangedman_vaults_impose, minmay_crypt_entry_simple_box,
          vaults_room_pool, vaults_room_hallway,
          ontoclasm_vaults_decontamination, nicolae_vaults_little_squares_3,
          hangedman_vaults_hard_town_square, v_misc_5,
          nicolae_vaults_hallways_thing, ontoclasm_vaults_spin, v_misc_14,
          hangedman_vaults_corner, vaults_dpeg_ring, nicolae_vaults_theta,
          layout_vaults_omnibox, serial_shops, shop
Vaults:4: vaults_room_boxed, hangedman_vaults_pinch, v_pattern_2,
          vaults_room_large_hall, nicolae_vaults_shelves_hall,
          vaults_room_glass_cross, grunt_vaults_bifocal,
          grunt_vaults_hallway_short, grunt_vaults_funnel, hangedman_vaults_hat,
          dpeg_vaults_monster_row, nicolae_vaults_specimen_jars,
          layout_vaults_maze
Vaults:5: uniq_bai_suzhen, uniq_sojobo
Depths:1: layout_long_grid, pan_entry, pf_hell_entry_tar_spiral,
          corexii_hall_statues_deadend, abyss_entry,
          amcnicky_mini_corridor_feature, evilmike_butchery
Depths:2: minmay_complete_graph, layout_cave_shapes, enter_ziggurat_f,
          small_statue_intersection, abyss_entry_flame_altar, hell_entry,
          pan_entry, nicolae_trove_entry_crossroad, minmay_fire_ice_demons,
          infiniplex_staircase_zigzag_1, uniq_mara
Depths:3: kennysheep_cluttered_fort, layout_small_grid, rand_demon_pan_entry_8,
          hell_entry, abyss_entry, chequers_serial_rivers_micro_b,
          fedhas_altar_4, infiniplex_staircase_spiral_double, uniq_jory
Depths:4: regret_index_dithmenos_brocken_genspenst, layout_gridlike,
          nicolae_hepliaklqana_hippocampus, abyss_entry_small_statue_room,
          hell_entry, serial_shops, kennysheep_mini, shop,
          infiniplex_staircase_spiral
Depths:5: grunt_twist_and_shout, layout_basic, nrook_mini_backslash, hell_entry,
          ploomutoo_gammafunk_ghost_potion_laboratory, lemuel_old_faithful,
          infiniplex_staircase_pool_lava
Zot:1:    layout_misc_corridors, grunt_megastairs_5
Zot:2:    kennysheep_room_grid, layout_misc_corridors
Zot:3:    infiniplex_zot_generator, layout_misc_corridors,
          st_single_dragon_hoard_2, st_stairs_3, grunt_ministairs_15
Zot:4:    layout_cellular_growth
Zot:5:    layout_basic

Skill      XL: |  1  2  3  4  5  6  7  8  9 10 11 12 13 14 15 16 17 18 19 20 21 22 23 24 25 26 27 |
---------------+----------------------------------------------------------------------------------+-----
Maces & Flails | 3 4 5 6 7 8 9 11 13 14 16 17 18 20 21 | 21.3
Shields        | 2 3 5 6 9 14 15 | 15.3
Fighting       | 5 6 8 13 15 16 18 19 20 21 22 | 22.8
Armour         | 4 6 7 8 10 12 13 15 17 18 | 18.3
Invocations    | 3 10 12 13 | 13.3
Spellcasting   | 5 |  5.5
Translocations | 7 13 15 | 15.4
Throwing       | 5 12 15 18 | 18.1
Evocations     | 3 9 11 | 11.0
Dodging        | 5 9 |  9.5

Action                   |  1- 3 |  4- 6 |  7- 9 | 10-12 | 13-15 | 16-18 | 19-21 | 22-24 | 25-27 || total
-------------------------+-------+-------+-------+-------+-------+-------+-------+-------+-------++-------
Melee: Mace              |    18 |       |       |       |       |       |       |       |       ||    18
       Whip              |    62 |   191 |   383 |   498 |       |       |       |       |       ||  1134
       Kick              |       |    21 |    75 |   210 |   535 |   377 |   716 |   597 |   826 ||  3357
       Demon whip        |       |       |       |   280 |  1023 |       |       |     7 |       ||  1310
       Eveningstar       |       |       |       |       |   572 |  1152 |  1759 |  1290 |  1769 ||  6542
 Cast: Blink             |       |       |       |       |       |       |       |       |     2 ||     2
Invok: Heroism           |       |       |       |     3 |     3 |       |       |     2 |       ||     8
       Finesse           |       |       |       |       |       |       |     3 |     4 |     6 ||    13
Evoke: Wand              |       |       |     5 |    15 |     6 |       |       |     5 |       ||    31
       Condenser vane    |       |       |       |       |       |       |       |       |     1 ||     1
  Use: Scroll            |       |       |    11 |    11 |    16 |     6 |     9 |     5 |    11 ||    69
       Potion            |       |       |    10 |       |     4 |     1 |     1 |     2 |     8 ||    26
 Stab: Paralysed         |     2 |       |       |       |     2 |       |       |       |       ||     4
       Sleeping          |       |     1 |       |     1 |       |       |       |       |       ||     2
       Petrified         |       |       |       |       |    10 |     1 |       |       |       ||    11
       Petrifying        |       |       |       |       |     4 |       |       |       |       ||     4
Armor: Leather armour    |    31 |    40 |       |       |       |       |       |       |       ||    71
       Scale mail        |       |    38 |   126 |   211 |       |       |       |       |       ||   375
       Chain mail        |       |       |       |    93 |   402 |       |       |       |       ||   495
       Plate armour      |       |       |       |       |   271 |       |       |       |       ||   271
       Crystal plate arm |       |       |       |       |       |   809 |  1018 |   840 |  1281 ||  3948
Dodge: Dodged            |    50 |    76 |    95 |   174 |   309 |   145 |   252 |   240 |   422 ||  1763
Block: Buckler           |       |       |   101 |    89 |   248 |       |       |       |       ||   438
       Reflection        |       |       |     2 |     3 |     6 |    33 |    37 |       |       ||    81
       Kite shield       |       |       |       |       |   213 |  1140 |  1417 |   850 |  1170 ||  4790

Table legend: (Time is in decaauts)
 A = Elapsed time spent in this place.
 B = Non-inter-level travel time spent in this place.
 C = Inter-level travel time spent in this place.
 D = Time resting spent in this place.
 E = Time spent auto-exploring this place.
 F = Levels seen in this place.
 G = Mean time per level.
                   A        B        C        D        E       F      G
               +--------+--------+--------+--------+--------+-----+--------+
         Total |  64368 |  59714 |   4654 |  10717 |  36679 |  53 | 1214.5 |
       Dungeon |  19030 |  16652 |   2378 |   2037 |  11514 |  15 | 1268.7 |
        Temple |     17 |     10 |      7 |      0 |      3 |   1 |   17.0 |
          Lair |   5893 |   5274 |    619 |    233 |   4048 |   6 |  982.2 |
        Shoals |   5837 |   5554 |    283 |    889 |   3442 |   4 | 1459.2 |
   Spider Nest |   3766 |   3613 |    153 |     94 |   2627 |   4 |  941.5 |
    Slime Pits |      1 |      1 |      0 |      0 |      0 |   1 |    1.0 |
  Orcish Mines |   1446 |   1326 |    120 |     50 |    819 |   2 |  723.0 |
        Vaults |  12474 |  12171 |    303 |   4218 |   5988 |   5 | 2494.8 |
        Depths |   7200 |   6639 |    561 |    933 |   4400 |   5 | 1440.0 |
           Zot |   7460 |   7235 |    225 |   2049 |   3536 |   5 | 1492.0 |
         Abyss |    387 |    387 |      0 |    142 |     13 |   1 |  387.0 |
        Bazaar |     92 |     92 |      0 |      0 |     77 |   1 |   92.0 |
        Bailey |    348 |    348 |      0 |      0 |    138 |   1 |  348.0 |
      Ice Cave |    197 |    197 |      0 |     70 |      5 |   1 |  197.0 |
       Volcano |    214 |    214 |      0 |      0 |     66 |   1 |  214.0 |
               +--------+--------+--------+--------+--------+-----+--------+

Top non-repeatable levels by time:
Vaults:4: 4165 daAuts
Vaults:2: 2773 daAuts
    D:15: 2362 daAuts
Vaults:5: 2296 daAuts
   Zot:3: 2219 daAuts
Depths:5: 2127 daAuts
Shoals:2: 2088 daAuts
Vaults:3: 2002 daAuts
     D:6: 1904 daAuts
   Zot:4: 1899 daAuts
Shoals:4: 1637 daAuts
    D:10: 1594 daAuts
     D:7: 1583 daAuts
Depths:2: 1503 daAuts
  Lair:4: 1503 daAuts
